 Dungeon Crawl Stone Soup version 0.21.1-1-g345015f (webtiles) character file.

121 Iko the Insei (level 4, -7/32 HPs)
             Began as a Vampire Transmuter on May 7, 2018.
             Mangled by an iguana (10 damage)
             ... on level 4 of the Dungeon.
             The game lasted 00:07:02 (510 turns).

Iko the Insei (Vampire Transmuter)                   Turns: 510, Time: 00:07:03

Health: -7/32      AC:  5    Str: 10    XL:     4   Next: 77%
Magic:  7/7        EV: 11    Int: 15    God:
Gold:   62         SH:  0    Dex: 14    Spells: 6/7 levels left

rFire    + . .     SeeInvis +   e - +0 club
rCold    . . .     Gourm    .   (no shield)
rNeg     + . .     Faith    .   f - +0 ring mail
rPois    .         Spirit   .   (no helmet)
rElec    .         Reflect  .   (no cloak)
rCorr    .         Harm     .   (no gloves)
MR       .....     Rnd*Rage +   (no boots)
Stlth    +.........             (no amulet)
HPRegen  0.30/turn              a - ring of protection from fire
MPRegen  0.10/turn              b - ring of positive energy

@: appendage (expiring), very slightly contaminated, regenerating quickly
A: fangs 3, horns 2, talons 1, see invisible, berserk 1, blink, unbreathing
a: End Transformation, Blink


You were on level 4 of the Dungeon.
You were very full.
You had grown temporary horns.
You visited 1 branch of the dungeon, and saw 4 of its levels.

You collected 62 gold pieces.

Inventory:

Hand Weapons
 d - a +0 hunting sling
 e - a +0 club (weapon)
Armour
 f - a +0 ring mail (worn)
Jewellery
 a - a ring of protection from fire (left hand)
 b - a ring of positive energy (right hand)
Books
 c - a book of Changes

   Spells                             Type                      Level
   a - Beastly Appendage              Transmutation                1
   b - Sticks to Snakes               Transmutation                2
   c - Spider Form                    Transmutation/Poison         3
   d - Ice Form                       Ice/Transmutation            4
   e - Blade Hands                    Transmutation                5


   Skills:
 + Level 1.6 Fighting
 + Level 1.3 Maces & Flails
 + Level 3.7 Dodging
 + Level 0.1 Stealth
 + Level 4.0 Unarmed Combat
 + Level 2.3 Spellcasting
 + Level 2.2 Transmutations


You had 6 spell levels left.
You knew the following spells:

 Your Spells              Type           Power        Failure   Level  Hunger
a - Beastly Appendage     Tmut           #.....       22%         1    #......


Dungeon Overview and Level Annotations

Branches:
Dungeon (4/15)
 Temple: D:4-7

Altars:


Innate Abilities, Weirdness & Mutations

Your natural rate of healing is unusually fast.
You have razor-sharp teeth.
You have supernaturally acute eyesight. (SInv)
You can survive without breathing.
You have a pair of horns on your head.
You have sharp toenails.
You tend to lose your temper in combat.
You can translocate small distances at will.


Message History

The iguana is lightly wounded.
The iguana bites you but does no damage.
The iguana barely misses you.
You hit the iguana. You punch the iguana, but do no damage.
The iguana is lightly wounded.
The iguana bites you!
* * * LOW HITPOINT WARNING * * *
You hit the iguana but do no damage.
The iguana is lightly wounded.
The iguana bites you.
* * * LOW HITPOINT WARNING * * *
You hit the iguana. You claw the iguana. You headbutt the iguana.
You bite the iguana, but do no damage.
The iguana is moderately wounded.
The iguana bites you.
* * * LOW HITPOINT WARNING * * *
You barely miss the iguana. Your kick misses the iguana. You bite the iguana.
The iguana is heavily wounded.
The iguana bites you!
You die...

### ## #.#
.. #.#
#.#<###
#...@.#
###.#l#
#.#...
#.#.....
#.#.......
#.#..#.##.
#.#<.#.#
.....# #


You could see an iguana.

Vanquished Creatures
  An ogre (D:4)
  2 adders (D:2)
  2 giant cockroaches (D:2)
  5 goblins
  A hobgoblin (D:1)
  2 jackals (D:2)
  A kobold (D:1)
  A quokka (D:2)
  A ball python (D:1)
  2 bats
  3 frilled lizards (D:2)
  3 rats
24 creatures vanquished.

Notes
Turn   | Place    | Note
-------+----------+-------------------------------------------
     0 | D:1      | Iko the Vampire Transmuter began the quest for the Orb.
     0 | D:1      | Reached XP level 1. HP: 14/14 MP: 3/3
   105 | D:1      | Reached XP level 2. HP: 10/20 MP: 5/5
   258 | D:2      | Reached skill level 1 in Fighting
   288 | D:2      | Reached XP level 3. HP: 10/26 MP: 4/6
   484 | D:3      | Gained mutation: You have sharp toenails. [potion of mutation]
   484 | D:3      | Gained mutation: You tend to lose your temper in combat. [potion of mutation]
   484 | D:3      | Gained mutation: You can translocate small distances at will. [potion of mutation]
   492 | D:4      | Noticed an ogre
   502 | D:4      | Killed an ogre
   502 | D:4      | Reached skill level 1 in Maces & Flails
   502 | D:4      | Reached skill level 4 in Unarmed Combat
   502 | D:4      | Reached XP level 4. HP: 21/32 MP: 5/7
   510 | D:4      | Mangled by an iguana

Skill      XL: |  1  2  3 |
---------------+----------+-----
Fighting       | 1 |  1.6
Dodging        | 3 |  3.7
Maces & Flails | 1 |  1.3
Unarmed Combat | 4 |  4.0
Stealth        | |  0.1
Spellcasting   | |  2.3
Transmutations | |  2.2

Action                   |  1- 3 |  4- 6 || total
-------------------------+-------+-------++-------
Melee: Dagger            |    16 |       ||    16
       Club              |    97 |     8 ||   105
       Bite              |     9 |     2 ||    11
       Punch             |     3 |     1 ||     4
       Kick              |     5 |     1 ||     6
       Headbutt          |     1 |     2 ||     3
 Cast: Beastly Appendage |     3 |       ||     3
  Use: Potion            |     8 |       ||     8
       Scroll            |     1 |       ||     1
Armor: Robe              |    24 |       ||    24
       Ring mail         |       |     2 ||     2
Dodge: Dodged            |   120 |     3 ||   123
